[Event "Titled Tuesday Blitz January 10 Early 2023"]
[White "Buscar, Michael"]
[Black "Muhammed , Zahid"]
[WhiteFideId "2603616"]
[BlackFideId "7800967"]
[WhiteElo "2010"]
[BlackElo "2746"]
[Result "0-1"]
[Round "01"]
[TimeControl "180+1"]
[Date "2023.01.10"]
[WhiteClock "0:00:08"]
[BlackClock "0:01:09"]

1. Nf3 Nf6 2. c4 g6 3. d4 b6 4. g3 Bb7 5. Bg2 Bg7 6. O-O O-O 7. b3 d6 8. Bb2 a5 9. a3 Nbd7 10. Nbd2 Qe8 11. Qc2 e5 12. d5 h6 13. Ne1 Nh7 14. Nd3 f5 15. e4 Rf7 16. b4 Qf8 17. c5 Ba6 18. c6 Ndf6 19. bxa5 fxe4 20. Bxe4 Nxe4 21. Nxe4 Rf3 22. Rfd1 bxa5 23. Ne1 Rf7 24. Ng2 Bc8 25. Ne3 Bh3 26. Bc3 h5 27. Qd2 Bh6 28. Bxa5 Nf6 29. Nxf6+ Rxf6 30. Bc3 Ra4 31. Bb4 Qf7 32. Ra2 Rf3 33. Re1 Ra8 34. Qd3 Rf8 35. Ree2 Bxe3 36. Rxe3 Rxf2 0-1


[Site "https://www.chess.com"]

[Event "Titled Tuesday Blitz January 10 Early 2023"]
[White "Borgaonkar Akshay"]
[Black "Nakamura, Hikaru"]
[WhiteFideId "25639110"]
[BlackFideId "2016192"]
[WhiteElo "1991"]
[BlackElo "2775"]
[Result "0-1"]
[Round "01"]
[TimeControl "180+2"]
[Date "2023.01.10"]
[WhiteClock "0:00:01"]
[BlackClock "0:01:30"]

1. Nf3 d5 2. b3 c5 3. Bb2 f6 4. c4 d4 5. d3 e5 6. g3 Nc6 7. Bg2 Nh6 8. O-O Be7 9. e3 O-O 10. exd4 cxd4 11. Nbd2 Nf7 12. a3 a5 13. Re1 Bf5 14. Ne4 Qd7 15. Nfd2 Bh3 16. Bxh3 Qxh3 17. Nf1 Qd7 18. Ned2 f5 19. Rc1 Bg5 20. Rc2 Rfe8 21. Nf3 Bf6 22. N1d2 Re7 23. h3 Rae8 24. Rc1 e4 25. dxe4 fxe4 26. Nh2 e3 27. Ndf3 Qxh3 28. Qd3 Nce5 29. Qe4 Nxf3+ 30. Qxf3 Ne5 31. Qd5+ Kh8 32. Bxd4 Nd3 0-1


[Site "https://www.chess.com"]

[Event "Titled Tuesday Blitz January 10 Early 2023"]
[White "Fedoseev, Vladimir"]
[Black "Hnydiuk, Aleksander"]
[WhiteFideId "24130737"]
[BlackFideId "1109057"]
[WhiteElo "2680"]
[BlackElo "2363"]
[Result "0-1"]
[Round "01"]
[TimeControl "180+2"]
[Date "2023.01.10"]
[WhiteClock "0:00:01"]
[BlackClock "0:00:48"]

1. Nf3 Nf6 2. g3 d5 3. Bg2 Nbd7 4. d4 b5 5. a4 b4 6. c4 bxc3 7. Nxc3 e6 8. O-O Be7 9. Bf4 O-O 10. Nb5 Ne8 11. Rc1 c5 12. dxc5 Nxc5 13. Nfd4 Bd7 14. b4 Ne4 15. Qb3 a6 16. Nc7 Nxc7 17. Bxc7 Qe8 18. Bxe4 Bxa4 19. Bxh7+ Kxh7 20. Qb1+ Kg8 21. Nf3 Qb5 22. Nd4 Qxb4 23. Qd3 Bf6 24. Nf3 Bb5 25. Qd1 Rfc8 26. Re1 Bc4 27. Be5 Qe7 28. Qd4 a5 29. Bxf6 Qxf6 30. Ne5 a4 31. f4 a3 32. e4 a2 33. Ra1 dxe4 34. Qxe4 Bd5 35. Qe2 Qd8 36. Qf2 Qc7 37. f5 Qc5 38. Qxc5 Rxc5 39. f6 Rb5 40. Nd7 Ra7 41. Ne5 Rab7 42. fxg7 Rb1 43. Nd3 Rxa1 0-1


[Site "https://www.chess.com"]

[Event "Titled Tuesday Blitz January 10 Early 2023"]
[White "Mkrtchian, Lilit"]
[Black "Dubov, Daniil"]
[WhiteFideId "13300601"]
[BlackFideId "24126055"]
[WhiteElo "2389"]
[BlackElo "2708"]
[Result "0-1"]
[Round "01"]
[TimeControl "180+2"]
[Date "2023.01.10"]
[WhiteClock "0:00:15"]
[BlackClock "0:02:30"]

1. Nf3 d5 2. g3 g6 3. Bg2 Bg7 4. d4 Nf6 5. O-O O-O 6. c4 c6 7. Qb3 dxc4 8. Qxc4 b5 9. Qb3 Be6 10. Qd1 c5 11. dxc5 Nc6 12. Nc3 b4 13. Na4 Qa5 14. b3 Rfd8 15. Qc2 Nd5 16. Bb2 Nc3 17. Bxc3 bxc3 18. Rfd1 Nb4 19. Qe4 c2 0-1


[Site "https://www.chess.com"]

[Event "Titled Tuesday Blitz January 10 Early 2023"]
[White "Sarana, Alexey"]
[Black "Parpiev, Isaak"]
[WhiteFideId "24133795"]
[BlackFideId "34281576"]
[WhiteElo "2685"]
[BlackElo "2167"]
[Result "1-0"]
[Round "01"]
[TimeControl "180+2"]
[Date "2023.01.10"]
[WhiteClock "0:01:51"]
[BlackClock "0:00:01"]

1. c4 Nf6 2. Nc3 e6 3. e4 d5 4. cxd5 exd5 5. e5 Ne4 6. Nf3 Nxc3 7. bxc3 c5 8. d4 Nc6 9. h3 Bf5 10. Bd3 Bxd3 11. Qxd3 cxd4 12. cxd4 Bb4+ 13. Bd2 Bxd2+ 14. Qxd2 Qa5 15. Rc1 Qxd2+ 16. Kxd2 Ke7 17. Rc5 Rhd8 18. Rhc1 Rd7 19. Ke3 Nd8 20. Nh4 g6 21. f4 Ne6 22. R5c3 h5 23. f5 Nf8 24. Kf4 Rad8 25. g4 Ke8 26. gxh5 gxh5 27. Rg1 Ke7 28. Rg7 Ke8 29. Rg8 Ke7 30. f6+ Ke6 31. Nf3 Ng6+ 32. Rxg6 fxg6 33. Ng5# 1-0


[Site "https://www.chess.com"]

[Event "Titled Tuesday Blitz January 10 Early 2023"]
[White "Kozin, Yuri"]
[Black "Duda, Jan-Krzysztof"]
[WhiteFideId "4129920"]
[BlackFideId "1170546"]
[WhiteElo "2251"]
[BlackElo "2724"]
[Result "0-1"]
[Round "01"]
[TimeControl "180+2"]
[Date "2023.01.10"]
[WhiteClock "0:00:04"]
[BlackClock "0:00:58"]

1. e4 c6 2. d4 d5 3. exd5 cxd5 4. c4 Nf6 5. Nc3 e6 6. Nf3 Be7 7. cxd5 Nxd5 8. Bd3 Nxc3 9. bxc3 Qc7 10. Bd2 Nd7 11. O-O b6 12. Re1 Bb7 13. Ne5 Nxe5 14. Rxe5 Bf6 15. Rh5 g6 16. Rh3 O-O 17. Qe2 e5 18. Qe3 Bg7 19. Qg3 Rfe8 20. Qh4 h5 21. Qg3 Qc6 22. dxe5 Rxe5 23. Bf4 Qxc3 24. Rf1 Re1 25. Bb5 Qb4 26. Bd6 Qb1 27. Rh4 Rxf1+ 28. Bxf1 Ba6 0-1


[Site "https://www.chess.com"]

[Event "Titled Tuesday Blitz January 10 Early 2023"]
[White "Deac, Bogdan-Daniel"]
[Black "Martynov, Pavel"]
[WhiteFideId "1226380"]
[BlackFideId "4101260"]
[WhiteElo "2700"]
[BlackElo "2414"]
[Result "1-0"]
[Round "01"]
[TimeControl "180+2"]
[Date "2023.01.10"]
[WhiteClock "0:00:07"]
[BlackClock "0:00:06"]

1. b3 e6 2. Bb2 d5 3. e3 c5 4. Nf3 Nc6 5. Bb5 Bd7 6. O-O Nf6 7. d3 Bd6 8. Bxc6 Bxc6 9. Ne5 O-O 10. Nxc6 bxc6 11. Nd2 e5 12. e4 h6 13. Re1 Re8 14. Qf3 Qa5 15. Qe2 Rab8 16. Red1 Qa6 17. Kf1 Bc7 18. Bc3 Ba5 19. Bxa5 Qxa5 20. a4 Qc3 21. Rac1 Rbd8 22. g3 Nh7 23. Nf3 Nf8 24. Kg2 Ne6 25. Qe1 Qxe1 26. Rxe1 f6 27. Nd2 Nd4 28. f4 Kh7 29. fxe5 Rxe5 30. c3 Ne6 31. Nf3 Rh5 32. g4 dxe4 33. Rxe4 Re5 34. Nxe5 fxe5 35. Rd1 Nf4+ 36. Kf3 Ng6 37. Rc4 Rb8 38. Rb1 Rd8 39. Ke3 Rd5 40. b4 cxb4 41. cxb4 Ne7 42. Rc5 Rd4 43. Rxe5 Rd7 44. Kd2 Nd5 45. Re4 Nf6 46. Rc4 Rd6 47. Rbc1 Rd5 48. h3 1-0


[Site "https://www.chess.com"]

[Event "Titled Tuesday Blitz January 10 Early 2023"]
[White "Pak, Yevgeniy"]
[Black "Nepomniachtchi, Ian"]
[WhiteFideId "14201712"]
[BlackFideId "4168119"]
[WhiteElo "2384"]
[BlackElo "2794"]
[Result "0-1"]
[Round "01"]
[TimeControl "180+2"]
[Date "2023.01.10"]
[WhiteClock "0:00:05"]
[BlackClock "0:01:53"]

1. e4 c5 2. Nf3 d6 3. d4 cxd4 4. Nxd4 Nf6 5. Nc3 a6 6. Be3 e5 7. Nb3 Be7 8. Be2 O-O 9. O-O Be6 10. Nc1 Nbd7 11. f3 Rc8 12. Nd3 d5 13. exd5 Nxd5 14. Nxd5 Bxd5 15. b3 b5 16. Nb2 Be6 17. Rc1 Qa5 18. a4 Qc3 19. Bd2 Qxb2 20. axb5 axb5 21. Bxb5 Rfd8 22. Bd3 Nc5 0-1


[Site "https://www.chess.com"]

[Event "Titled Tuesday Blitz January 10 Early 2023"]
[White "Sadhwani, Raunak"]
[Black "Yaniuk, Volodymyr"]
[WhiteFideId "35093487"]
[BlackFideId "14133083"]
[WhiteElo "2627"]
[BlackElo "2223"]
[Result "1-0"]
[Round "01"]
[TimeControl "180+2"]
[Date "2023.01.10"]
[WhiteClock "0:02:08"]
[BlackClock "0:01:14"]

1. d4 d5 2. Nf3 e6 3. e3 c5 4. b3 Nf6 5. Bd3 b6 6. O-O Be7 7. Bb2 Bb7 8. Nbd2 O-O 9. Qe2 Nbd7 10. c4 cxd4 11. exd4 Rc8 12. Rac1 Re8 13. Rfe1 Rc7 14. Ne5 dxc4 15. bxc4 Bb4 16. a3 Ba5 17. Red1 Bxd2 18. Rxd2 Qa8 19. f3 Nxe5 20. Qxe5 Rd7 21. Re1 Red8 22. Qg3 Qb8 23. Qh4 Qd6 24. d5 exd5 25. Bxf6 Qxf6 26. Qxh7+ Kf8 27. Qh8# 1-0


[Site "https://www.chess.com"]

[Event "Titled Tuesday Blitz January 10 Early 2023"]
[White "Ezat, Mohamed"]
[Black "Andreikin, Dmitry"]
[WhiteFideId "10600906"]
[BlackFideId "4158814"]
[WhiteElo "2402"]
[BlackElo "2729"]
[Result "0-1"]
[Round "01"]
[TimeControl "180+2"]
[Date "2023.01.10"]
[WhiteClock "0:00:02"]
[BlackClock "0:01:45"]

1. d4 d5 2. c4 e6 3. Nc3 a6 4. cxd5 exd5 5. Bf4 Nf6 6. e3 c5 7. dxc5 Bxc5 8. Nf3 Nc6 9. h3 O-O 10. Bd3 d4 11. exd4 Re8+ 12. Be2 Nxd4 13. Nxd4 Bxd4 14. O-O Bf5 15. Bf3 Bd3 16. Re1 Rxe1+ 17. Qxe1 Qb6 18. Rd1 Re8 19. Qd2 Bxc3 20. Qxc3 Be4 21. Rd6 Qb5 22. Rxf6 gxf6 23. Bxe4 Rxe4 24. Qxf6 Qc6 25. Qg5+ Kf8 26. Qd8+ Kg7 27. Qg5+ Qg6 28. Qh4 f6 0-1


[Site "https://www.chess.com"]

[Event "Titled Tuesday Blitz January 10 Early 2023"]
[White "Bluebaum, Matthias"]
[Black "Bazarov, Konstantin"]
[WhiteFideId "24651516"]
[BlackFideId "4137000"]
[WhiteElo "2669"]
[BlackElo "2235"]
[Result "1-0"]
[Round "01"]
[TimeControl "180+2"]
[Date "2023.01.10"]
[WhiteClock "0:00:39"]
[BlackClock "0:00:08"]

1. d4 d5 2. c4 c6 3. Nf3 Nf6 4. Nc3 dxc4 5. e4 b5 6. Qc2 e6 7. Be2 Be7 8. O-O Bb7 9. b3 cxb3 10. axb3 O-O 11. e5 Nd5 12. Nxd5 Qxd5 13. Bd3 h6 14. Bh7+ Kh8 15. Be4 Qd8 16. Be3 Nd7 17. Qd2 f5 18. exf6 Rxf6 19. Rfc1 Qf8 20. Ne5 Nxe5 21. dxe5 Rf7 22. Bg6 Bb4 23. Qe2 Rd7 24. Qg4 Bd2 25. Qxe6 Re7 26. Qd6 Bxc1 27. Rxc1 Rd8 28. Qc5 Re6 29. Qc2 Rxe5 30. h4 Re6 31. h5 Rf6 32. Bc5 Qg8 33. Be7 Rfd6 34. Bxd6 Rxd6 35. Qc5 Qd8 36. Qxa7 Rd1+ 37. Rxd1 Qxd1+ 38. Kh2 Qd6+ 39. g3 Qc7 40. b4 Kg8 41. Qe3 Qd7 42. Qe5 Qd8 43. Qe6+ Kh8 44. Be4 Ba8 45. Qg6 Kg8 46. Bc2 Bb7 47. Qe6+ Kh8 48. Qf5 Kg8 49. Qh7+ Kf7 50. Bb3+ Kf6 51. Qg6+ Ke5 52. Qxg7+ Ke4 53. Qxb7 Qf6 54. Qh7+ Kd4 55. Qc2 Qf3 56. Qb2+ Ke4 57. Bc2+ Kd5 58. Qb3+ 1-0


[Site "https://www.chess.com"]

[Event "Titled Tuesday Blitz January 10 Early 2023"]
[White "Pham, Khoi"]
[Black "Jobava, Baadur"]
[WhiteFideId "1054988"]
[BlackFideId "13601520"]
[WhiteElo "2355"]
[BlackElo "2578"]
[Result "0-1"]
[Round "01"]
[TimeControl "180+2"]
[Date "2023.01.10"]
[WhiteClock "0:00:25"]
[BlackClock "0:00:31"]

1. e4 c6 2. Nc3 d5 3. Nf3 Bg4 4. h3 Bxf3 5. Qxf3 e6 6. d3 Nf6 7. Be2 Nbd7 8. O-O g6 9. Bf4 Bg7 10. a4 a5 11. d4 dxe4 12. Nxe4 Nxe4 13. Qxe4 O-O 14. Rad1 Qb6 15. b3 Rfe8 16. Qd3 Rad8 17. Rfe1 Nf6 18. Qc4 Nd5 19. Bg3 Rd7 20. Bf3 Ne7 21. Be5 Red8 22. Qe2 Nf5 23. Bxg7 Kxg7 24. c3 Qxb3 25. Qe5+ Kg8 26. Qxa5 Qc4 27. Rb1 h5 28. g3 Re8 29. h4 Nd6 30. Be2 Qd5 31. Qxd5 exd5 32. Bd3 Ra8 33. Rb4 Kf8 34. Reb1 Ke7 35. Kg2 Kd8 36. Kf3 Kc7 37. Re1 Re8 38. Rxe8 Nxe8 39. Rb1 Ng7 40. a5 Ne6 41. a6 b5 42. Ra1 Kb6 43. g4 hxg4+ 44. Kxg4 Ra7 45. Re1 Ng7 46. Kg5 Nh5 47. Be2 Ng7 48. Kf6 Ne8+ 49. Kg5 Re7 50. h5 gxh5 51. Kxh5 Nd6 52. Kg5 Ne4+ 53. Kf4 Nxc3 54. Kf3 Rxe2 55. Rxe2 Nxe2 56. Kxe2 Kxa6 57. Kd3 b4 58. Kc2 Kb5 59. Kb3 c5 60. dxc5 Kxc5 61. Kc2 Kc4 62. f4 d4 63. f5 f6 64. Kd2 b3 65. Kc1 Kc3 66. Kb1 d3 67. Kc1 b2+ 68. Kb1 d2 69. Ka2 d1=Q 70. Ka3 Qb3# 0-1


[Site "https://www.chess.com"]

[Event "Titled Tuesday Blitz January 10 Early 2023"]
[White "Salem, A.R. Saleh"]
[Black "Danielyan, Vahe"]
[WhiteFideId "9301348"]
[BlackFideId "13304828"]
[WhiteElo "2677"]
[BlackElo "2346"]
[Result "1-0"]
[Round "01"]
[TimeControl "180+2"]
[Date "2023.01.10"]
[WhiteClock "0:01:37"]
[BlackClock "0:00:26"]

1. d4 Nf6 2. c4 g6 3. Nc3 Bg7 4. e4 d6 5. h3 c6 6. Be3 a6 7. a4 a5 8. Bd3 Na6 9. Rc1 Nb4 10. Bb1 O-O 11. Nge2 e5 12. O-O Re8 13. Qd2 exd4 14. Nxd4 Qe7 15. Rce1 Bd7 16. f4 Rad8 17. f5 Qe5 18. Nf3 Qe7 19. Bg5 d5 20. e5 Qc5+ 21. Be3 Qxc4 22. exf6 Bxf6 23. Bg5 Bxg5 24. Qxg5 Nd3 25. Bxd3 Qxd3 26. f6 Qc4 27. Re7 Qc5+ 28. Kh1 Qd6 29. Ne5 Rxe7 30. fxe7 Re8 31. Rxf7 1-0


[Site "https://www.chess.com"]

[Event "Titled Tuesday Blitz January 10 Early 2023"]
[White "Pranav, V"]
[Black "Tania, Sachdev"]
[WhiteFideId "25060783"]
[BlackFideId "5007844"]
[WhiteElo "2597"]
[BlackElo "2389"]
[Result "1-0"]
[Round "01"]
[TimeControl "180+2"]
[Date "2023.01.10"]
[WhiteClock "0:00:29"]
[BlackClock "0:00:14"]

1. e4 e5 2. Nf3 Nc6 3. Bc4 Nf6 4. Ng5 d5 5. exd5 Na5 6. Bb5+ c6 7. dxc6 bxc6 8. Bd3 Be7 9. O-O O-O 10. Re1 h6 11. Nf3 Bg4 12. h3 Bh5 13. Rxe5 Bd6 14. Re1 Qd7 15. Be2 c5 16. d3 Nc6 17. Nc3 Rfe8 18. Be3 Rab8 19. Rb1 Nb4 20. Nd2 Bxe2 21. Rxe2 Nbd5 22. Nxd5 Nxd5 23. Nc4 Bf8 24. Bd2 Rxe2 25. Qxe2 Qa4 26. Qf3 Nf6 27. Bc3 Qxc2 28. Re1 Nd7 29. Kh2 Qa4 30. a3 Qa6 31. Qg3 Rd8 32. Qc7 Qc8 33. Qxa7 Nb8 34. Ne5 Qf5 35. Re2 Bd6 36. Qb6 Bxe5+ 37. Rxe5 Qxd3 38. Rxc5 Re8 39. Re5 Rxe5 40. Qxb8+ 1-0


[Site "https://www.chess.com"]

[Event "Titled Tuesday Blitz January 10 Early 2023"]
[White "Florescu, Codrut-Constantin"]
[Black "Anton Guijarro, David"]
[WhiteFideId "1202200"]
[BlackFideId "2285525"]
[WhiteElo "2259"]
[BlackElo "2690"]
[Result "0-1"]
[Round "01"]
[TimeControl "180+2"]
[Date "2023.01.10"]
[WhiteClock "0:00:16"]
[BlackClock "0:00:22"]

1. d4 Nf6 2. Nf3 b6 3. g3 Bb7 4. Bg2 c5 5. c3 e6 6. O-O Be7 7. Re1 O-O 8. Bf4 d5 9. Nbd2 Nc6 10. Ne5 Rc8 11. Nxc6 Bxc6 12. a4 cxd4 13. cxd4 Bb4 14. Rf1 a5 15. Bg5 h6 16. Bxf6 Qxf6 17. e3 b5 18. axb5 Bxb5 19. Re1 Qg6 20. Bf1 Bxd2 21. Qxd2 Rc2 22. Qxc2 Qxc2 23. Bxb5 Qd2 24. Reb1 Rb8 25. Bf1 g5 26. b3 Rc8 27. Rd1 Qc2 28. Bd3 Qxb3 29. Rab1 Qc3 30. Bb5 Rb8 31. Ba4 Rxb1 32. Rxb1 Qa3 33. Be8 Kf8 34. Rb8 Qc1+ 35. Kg2 Qc7 36. Ra8 Kg7 37. Ba4 h5 38. h3 Qb6 39. Be8 Kf6 40. Bd7 Ke7 41. Ba4 Qb4 42. Bd1 h4 43. gxh4 gxh4 44. Ra7+ Kf8 45. Bh5 f5 46. Bd1 Qb6 47. Ra8+ Ke7 48. Kf3 Qb1 49. Ba4 Qh1+ 50. Kf4 Qxh3 51. Ke5 Qh2+ 52. f4 Qg3 53. Ra7+ Kf8 54. Kf6 Kg8 55. Ra8+ Kh7 56. Be8 Qg7+ 57. Kxe6 h3 58. Rxa5 h2 59. Ra1 Qg1 60. Rxg1 hxg1=Q 61. Kxf5 Qxe3 0-1


[Site "https://www.chess.com"]

[Event "Titled Tuesday Blitz January 10 Early 2023"]
[White "Vidit, Santosh Gujrathi"]
[Black "Biastoch, Bennet"]
[WhiteFideId "5029465"]
[BlackFideId "12939889"]
[WhiteElo "2731"]
[BlackElo "2257"]
[Result "1-0"]
[Round "01"]
[TimeControl "180+2"]
[Date "2023.01.10"]
[WhiteClock "0:00:56"]
[BlackClock "0:00:03"]

1. e4 c5 2. Nf3 d6 3. d4 cxd4 4. Qxd4 Nc6 5. Qe3 g6 6. c4 Bg7 7. Be2 Nf6 8. O-O O-O 9. h3 a5 10. Nc3 a4 11. Rd1 h6 12. e5 Ne8 13. exd6 exd6 14. Qd3 Bf5 15. Qd2 Qa5 16. a3 Kh7 17. Bf1 Nf6 18. Nb5 Qxd2 19. Rxd2 Ne4 20. Rd1 Ne5 21. Nfd4 Nc5 22. Nxf5 gxf5 23. Be3 Nb3 24. Rab1 Ng6 25. Nxd6 f4 26. Bb6 Ne5 27. c5 Nc6 28. Nxb7 Ncd4 29. Bd3+ Kg8 30. Nd6 Rab8 31. Bc4 Nc6 32. Bb5 Ncd4 33. Bxa4 Ne2+ 34. Kf1 Nbd4 35. Rd2 f3 36. g3 1-0


[Site "https://www.chess.com"]

[Event "Titled Tuesday Blitz January 10 Early 2023"]
[White "Orzech, Dominik"]
[Black "Martinez Alcantara, Jose Eduardo"]
[WhiteFideId "1115065"]
[BlackFideId "3805662"]
[WhiteElo "2308"]
[BlackElo "2619"]
[Result "0-1"]
[Round "01"]
[TimeControl "180+2"]
[Date "2023.01.10"]
[WhiteClock "0:01:02"]
[BlackClock "0:00:39"]

1. Nf3 c5 2. c4 Nc6 3. g3 g6 4. Bg2 Bg7 5. O-O d6 6. Nc3 e6 7. Rb1 Nge7 8. a3 O-O 9. b4 b6 10. b5 Na5 11. Ne5 Rb8 12. Nc6 Nexc6 13. bxc6 Ba6 14. Nb5 Qe7 15. d3 Rbc8 16. Bf4 e5 17. Bd2 Nxc6 18. Qa4 Bxb5 19. cxb5 Nd4 20. e3 Ne6 21. Qb3 h5 22. a4 h4 23. a5 Bf6 24. axb6 axb6 25. Ra1 e4 26. Ra6 exd3 27. Qxd3 c4 28. Qe4 c3 29. Bc1 Qd8 30. Qb7 Nc5 31. Qxb6 Nxa6 32. Qxa6 Rb8 33. Ba3 Rb6 34. Qa4 Qb8 35. Bc6 Rc8 36. Rd1 Be7 37. Qe4 Bf8 38. gxh4 Rxb5 39. Bxb5 Qxb5 40. Rd5 Qc4 41. Rd4 Qb3 42. Bxd6 c2 43. Bxf8 c1=Q+ 44. Kg2 Rxf8 0-1


[Site "https://www.chess.com"]

[Event "Titled Tuesday Blitz January 10 Early 2023"]
[White "Praggnanandhaa R"]
[Black "Droin, Augustin"]
[WhiteFideId "25059530"]
[BlackFideId "45105987"]
[WhiteElo "2688"]
[BlackElo "2436"]
[Result "1-0"]
[Round "01"]
[TimeControl "180+2"]
[Date "2023.01.10"]
[WhiteClock "0:02:02"]
[BlackClock "0:01:17"]

1. d4 Nf6 2. Nf3 e6 3. c4 Bb4+ 4. Bd2 Bxd2+ 5. Nbxd2 d5 6. g3 O-O 7. Bg2 b6 8. O-O Nbd7 9. cxd5 exd5 10. b4 Bb7 11. Rc1 Re8 12. e3 c6 13. Qb3 a6 14. Rc2 Rc8 15. Rfc1 Qe7 16. Ne1 h5 17. h3 Nf8 18. a4 Ne6 19. Nd3 h4 20. g4 Ng5 21. Ne5 Qd6 22. f4 Ne6 23. Ndf3 Ne4 24. Nxh4 Ba8 25. Nf5 Qf8 26. Nd7 1-0


[Site "https://www.chess.com"]

[Event "Titled Tuesday Blitz January 10 Early 2023"]
[White "Lehtosaari, Mauri"]
[Black "Paravyan, David"]
[WhiteFideId "501999"]
[BlackFideId "4194985"]
[WhiteElo "2176"]
[BlackElo "2601"]
[Result "0-1"]
[Round "01"]
[TimeControl "180+2"]
[Date "2023.01.10"]
[WhiteClock "0:00:12"]
[BlackClock "0:00:09"]

1. d4 Nf6 2. Nf3 g6 3. Bg5 Bg7 4. Nbd2 h6 5. Bxf6 Bxf6 6. c3 d6 7. e3 e5 8. a4 Nc6 9. Bc4 O-O 10. O-O Bg7 11. Ba2 Kh7 12. h3 f5 13. dxe5 dxe5 14. e4 f4 15. Qe2 Bd7 16. Rad1 Qe7 17. Rfe1 Nd8 18. Bb3 Ne6 19. Bc2 a5 20. Nh2 Nc5 21. b3 b6 22. Nc4 Be6 23. Rd2 Rad8 24. Red1 Rxd2 25. Rxd2 Rd8 26. Rxd8 Qxd8 27. Ng4 Bxc4 28. Qxc4 h5 29. Nh2 Qd2 30. Nf3 Qc1+ 31. Kh2 Kh6 32. Bd3 Qd1 33. Be2 Qxb3 34. Qxb3 Nxb3 35. Bb5 Nc5 36. Bc6 g5 37. g4 fxg3+ 38. fxg3 g4 39. hxg4 hxg4 40. Nh4 Kg5 41. Nf5 Bf8 42. Kg2 Nd3 43. Ne3 Bd6 44. Nd5 Nc5 45. Ne3 Nb3 46. Nc4 Nc1 47. Kf2 Na2 48. Nxd6 cxd6 49. c4 Nb4 50. Bb5 Nd3+ 51. Ke3 Nc5 52. Bc6 Kf6 53. Bd5 Nxa4 0-1


[Site "https://www.chess.com"]

[Event "Titled Tuesday Blitz January 10 Early 2023"]
[White "Chigaev, Maksim"]
[Black "Bagwe Gaurang"]
[WhiteFideId "4108116"]
[BlackFideId "45039895"]
[WhiteElo "2628"]
[BlackElo "2067"]
[Result "1-0"]
[Round "01"]
[TimeControl "180+2"]
[Date "2023.01.10"]
[WhiteClock "0:00:53"]
[BlackClock "0:00:02"]

1. Nf3 c5 2. e4 d6 3. d4 cxd4 4. Nxd4 Nf6 5. Nc3 a6 6. Bg5 e6 7. Qf3 Nbd7 8. O-O-O Be7 9. g4 O-O 10. h4 Ne5 11. Qg3 Nfxg4 12. f4 f6 13. fxe5 fxe5 14. Nf3 Nf6 15. h5 b5 16. Nxe5 b4 17. Nc6 bxc3 18. Nxd8 Nxe4 19. Bxe7 Nxg3 20. Bxf8 Nxh1 21. Bxd6 Nf2 22. Rd4 Bd7 23. bxc3 Rxd8 24. Bc7 e5 25. Rd2 Rf8 26. Rxd7 Ne4 27. Bd3 Nxc3 28. Bxe5 Nb5 29. Rxg7+ 1-0


[Site "https://www.chess.com"]

[Event "Titled Tuesday Blitz January 10 Early 2023"]
[White "Rahman, Ziaur"]
[Black "Le, Tuan Minh"]
[WhiteFideId "10200037"]
[BlackFideId "12401153"]
[WhiteElo "2464"]
[BlackElo "2542"]
[Result "1-0"]
[Round "01"]
[TimeControl "180+2"]
[Date "2023.01.10"]
[WhiteClock "0:00:13"]
[BlackClock "0:00:10"]

1. Nf3 d5 2. g3 Nd7 3. d4 Nb6 4. Nc3 Bf5 5. Bg2 e6 6. Nh4 Bg4 7. Qd3 Be7 8. h3 Bh5 9. g4 Bxh4 10. gxh5 h6 11. Be3 Nc4 12. O-O-O c6 13. Kb1 Ne7 14. Bc1 Bxf2 15. e4 Bh4 16. Rhg1 Nd6 17. Bf3 dxe4 18. Nxe4 Nxe4 19. Bxe4 Bf6 20. Bf4 Qb6 21. Bd6 O-O-O 22. Bc5 Qc7 23. Bxa7 Nd5 24. Bc5 Rd7 25. Qa3 Rhd8 26. Qa8+ Qb8 27. Qa4 Ne3 28. Rd3 Nf5 29. Bxf5 exf5 30. Bb6 Re8 31. Rgd1 Rd5 32. c4 Rd6 33. d5 Re2 34. Rb3 f4 35. Bc5 Rd7 36. Ba3 f3 37. Rxf3 Qc7 38. d6 Qb8 39. c5 Re6 40. Qc2 Kd8 41. Qh7 b6 42. Rb3 b5 43. Bb4 Qa7 44. Ra3 Qb7 45. Ba5+ Kc8 46. Bb6 Bd8 47. Qg8 Re2 48. Ra7 Qxa7 49. Bxa7 Rxa7 50. Qxg7 Rd7 51. Qg4 Re6 52. a4 bxa4 53. Qxa4 Rb7 54. Qxc6+ Kb8 55. Qd5 Bf6 56. b3 Re2 57. d7 Bd8 58. Qd6+ Rc7 59. Qb6+ Ka8 60. Qa6+ Kb8 61. Qxe2 1-0


[Site "https://www.chess.com"]

[Event "Titled Tuesday Blitz January 10 Early 2023"]
[White "Tomashevsky, Evgeny"]
[Black "Berezin, Viktor"]
[WhiteFideId "4147235"]
[BlackFideId "14107872"]
[WhiteElo "2694"]
[BlackElo "2307"]
[Result "1-0"]
[Round "01"]
[TimeControl "180+2"]
[Date "2023.01.10"]
[WhiteClock "0:01:06"]
[BlackClock "0:00:55"]

1. d4 Nf6 2. Nf3 g6 3. g3 Bg7 4. Bg2 O-O 5. O-O d6 6. b3 Nc6 7. Bb2 a6 8. c4 Rb8 9. Nc3 b5 10. d5 Na5 11. cxb5 axb5 12. Nd4 b4 13. Na4 e5 14. dxe6 fxe6 15. Rc1 c5 16. Nf3 Qe7 17. Qc2 Bb7 18. Rfd1 Rbd8 19. Nb6 Bh6 20. Ra1 Be4 21. Bxf6 Bxc2 22. Bxe7 Bxd1 23. Rxd1 d5 24. Bxd8 Rxd8 25. Nc4 Nc6 26. Nce5 Nxe5 27. Nxe5 Ra8 28. e4 d4 29. Bh3 Rxa2 30. Bxe6+ Kg7 31. Nd3 Kf6 32. Bc4 Bf8 33. Re1 g5 34. e5+ Kg6 35. e6 Be7 36. Nxc5 Bxc5 37. e7 Bxe7 38. Rxe7 Kf5 39. Rxh7 Kg4 40. Kg2 Rd2 41. Be6# 1-0


[Site "https://www.chess.com"]

[Event "Titled Tuesday Blitz January 10 Early 2023"]
[White "Khamdamova, Afruza"]
[Black "Eljanov, Pavel"]
[WhiteFideId "14210444"]
[BlackFideId "14102951"]
[WhiteElo "2162"]
[BlackElo "2705"]
[Result "0-1"]
[Round "01"]
[TimeControl "180+2"]
[Date "2023.01.10"]
[WhiteClock "0:00:02"]
[BlackClock "0:00:41"]

1. e4 c6 2. d4 d5 3. Nc3 dxe4 4. Nxe4 Bf5 5. Ng3 Bg6 6. Nf3 Nf6 7. h4 Nh5 8. Nxh5 Bxh5 9. Be2 e6 10. Bf4 Nd7 11. Qd3 Qa5+ 12. Bd2 Bb4 13. c3 Bd6 14. c4 Qc7 15. O-O-O Nf6 16. Rhe1 Bg6 17. Qb3 O-O 18. g3 c5 19. Bc3 Ne4 20. Rf1 b5 21. Ne5 Nxc3 22. bxc3 cxd4 23. Nxg6 hxg6 24. Rxd4 Bc5 25. Re4 bxc4 26. Qxc4 Rfc8 27. Kc2 Rab8 28. Bd3 Qb6 29. Qb3 Qa5 30. Qa4 Qb6 31. Qb3 Qd6 32. Qa4 Ba3 0-1


[Site "https://www.chess.com"]

[Event "Titled Tuesday Blitz January 10 Early 2023"]
[White "Vokhidov, Shamsiddin"]
[Black "Jimenez Almeida, Luis David"]
[WhiteFideId "14204223"]
[BlackFideId "22242244"]
[WhiteElo "2586"]
[BlackElo "2242"]
[Result "1-0"]
[Round "01"]
[TimeControl "180+2"]
[Date "2023.01.10"]
[WhiteClock "0:01:05"]
[BlackClock "0:00:38"]

1. e4 Nf6 2. e5 Nd5 3. d4 d6 4. Nf3 Bg4 5. Be2 e6 6. O-O Nd7 7. c4 N5b6 8. exd6 cxd6 9. b3 Be7 10. Nc3 O-O 11. h3 Bh5 12. Be3 a6 13. Rc1 Bf6 14. Qd2 Bg6 15. Rfd1 Qe7 16. d5 e5 17. Nh2 e4 18. Ng4 Bxc3 19. Rxc3 f5 20. Nh2 Nc5 21. b4 Nca4 22. Ra3 Be8 23. c5 dxc5 24. bxc5 Nxc5 25. d6 Qe5 26. f4 exf3 27. Nxf3 Ne4 28. Nxe5 Nxd2 29. Bxb6 Ne4 30. d7 1-0


[Site "https://www.chess.com"]